 Dungeon Crawl Stone Soup version 0.27.0-1-g7a089689b8 (webtiles) character file.

Game seed: 7200087397004797067

1403 Smaepdii the Spear-Bearer (level 8, -6/57 HPs)
             Began as a Merfolk Gladiator on Aug 4, 2021.
             Was an Elder of Zin.
             Hit by a boomerang thrown by an orc warrior (7 damage)
             ... on level 6 of the Dungeon.
             The game lasted 00:36:43 (6735 turns).

Smaepdii the Spear-Bearer (Merfolk Gladiator)       Turns: 6735, Time: 00:36:44

Health: -6/57      AC:  4    Str: 16    XL:     8   Next: 69%
Magic:  9/9        EV: 13    Int:  7    God:    Zin [****..]
Gold:   309        SH:  0    Dex: 16    Spells: 7/7 levels left

rFire    . . .     SeeInvis +   a - +1 trident
rCold    . . .     Faith    .   (no shield)
rNeg     . . .     Spirit   .   k - +0 leather armour
rPois    .         Reflect  .   c - +0 helmet
rElec    .         Harm     .   (no cloak)
rCorr    .         Rampage  .   (no gloves)
Will     .....                  (no boots)
Stlth    +.........             (no amulet)
HPRegen  0.19/turn              h - ring of see invisible
MPRegen  0.11/turn              v - ring of flight

@: about to teleport, flying
A: (nimble swimmer 2), mertail
a: Renounce Religion, Recite, Vitalisation, Imprison, Donate Gold


You were on level 6 of the Dungeon.
You worshipped Zin.
Zin was greatly pleased with you.
You visited 2 branches of the dungeon, and saw 7 of its levels.

You collected 389 gold pieces.
You spent 42 gold pieces at shops.
You donated 38 gold pieces to Zin.

Inventory:

Hand Weapons
 a - a +1 trident (weapon)
Missiles
 p - a throwing net (quivered)
 q - 6 silver boomerangs
Armour
 c - a +0 helmet (worn)
 e - a +1 hat
 i - a +0 scale mail
 k - a +0 leather armour (worn)
Jewellery
 h - a ring of see invisible (left hand)
 v - a ring of flight (right hand)
Wands
 t - a wand of iceblast (10)
Scrolls
 b - a scroll of holy word
 d - a scroll of magic mapping {unknown}
 j - a scroll of teleportation
 u - a scroll of brand weapon {unknown}
Potions
 f - 4 potions of curing
 g - a potion of magic
 l - a potion of haste {unknown}
 m - a potion of degeneration {unknown}
 n - a potion of attraction {unknown}
 o - 2 potions of heal wounds
 r - a potion of cancellation {unknown}
 s - 2 potions of lignification


   Skills:
 + Level 2.8 Fighting
 - Level 14.0 Polearms
 - Level 2.1 Throwing
 + Level 4.5 Dodging
 * Level 2.0 Invocations


You had 7 spell levels left.
You didn't know any spells.
Your spell library contained the following spells:

 Spells                   Type           Power      Damage    Failure   Level
 Dazzling Flash           Conj/Hex       0%         N/A       86%         3
 Gell's Gravitas          Tloc           0%         N/A       86%         3
 Lesser Beckoning         Tloc           0%         N/A       86%         3
 Teleport Other           Tloc           0%         N/A       86%         3
 Tukima's Dance           Hex            0%         N/A       86%         3
 Iskenderun's Mystic Bla  Conj/Tloc      0%         2d3       99%         4
 Passage of Golubria      Tloc           N/A        N/A       99%         4
 Yara's Violent Unravell  Hex/Tmut       0%         3d3       100%        5
 Starburst                Conj/Fire      0%         8x6d3     100%        6


Dungeon Overview and Level Annotations

Branches:
Dungeon (6/15)             Temple (1/1) D:4

Altars:
Ashenzari
Cheibriados
Dithmenos
Fedhas
Kikubaaqudgha
Okawaru
Qazlal
Ru
Trog
Uskayaw
Vehumet
Wu Jian
Xom
Zin
The Shining One

Shops:
D:2 =   D:6 *


Innate Abilities, Weirdness & Mutations

((You are quick and stealthy near water. (Stealth+, EV+, Speed+++)))
Your lower body shifts to a powerful aquatic tail in water.


Message History

The orc warrior is heavily wounded.
You barely miss the orc warrior.
The orc warrior is heavily wounded.
You are ready to recite again.
Reach: a) +1 trident
Press: ? - help, Dir - move target, f - orc wizard, p - orc warrior
Aim: an orc wizard, wielding a +0 dagger and wearing a +0 robe (about 38% to evade your +1 trident)
The orc warrior is in the way.
You closely miss the orc warrior.
The orc warrior is heavily wounded.
The orc warrior hits you with a +0 long sword!
You clear your throat and prepare to recite. "Zin saw the sacrilege of the servants of Hell, and..."
The orc warrior hits you with a +0 long sword!
* * * LOW HITPOINT WARNING * * *
As you read the scroll of teleportation, it crumbles to dust.
You feel strangely unstable. "...was displeased, for did the law not say that..."
The orc warrior is limned with silver light.
The orc wizard is struck blind by the wrath of Zin!
The orc warrior misses you. The orc wizard closely misses you.
You hit the orc wizard.
The orc wizard is moderately wounded.
You closely miss the orc wizard.
The orc wizard is moderately wounded. "...those who did not become obedient would be condemned?"
You finish reciting Anathema 6:62.
The orc warrior hits you with a +0 long sword!
Zin protects you from harm!
The orc wizard hits you with a +0 dagger.
* * * LOW HITPOINT WARNING * * *
Your leather armour prevents you from hitting the orc wizard.
The orc wizard is moderately wounded.
The orc warrior completely misses you.
The orc wizard gestures wildly while chanting.
The orc wizard flickers and vanishes for a moment.
The orc warrior throws a boomerang.
The boomerang hits you!
* * * LOW HITPOINT WARNING * * *
You are ready to recite again.
The orc warrior throws a boomerang.
The boomerang hits you!
You die...

# ...##O###########
..o....oo....o..#
..o##)#######oo.## #
#.....############
##...............#
##@############.# #.# #[#
#####.### #.# #.# #........ #.#
##'## #.###.##. #.# ##...##
#......#. #.#### #.....##
#..#...#. #.##.#########....##
#..#.#(#.
###.#..#.8.#...#.....####....#.#.
.......#.....8.#.....'.......#.#.


You could see an orc warrior (corona) and 2 orc wizards.

Vanquished Creatures
  2 sky beasts
  2 necrophages
  2 ice beasts
  2 ogres
  A scorpion (D:5)
  A water moccasin skeleton (D:4)
  3 hounds
  4 jellies (D:5)
  A centaur skeleton (D:4)
  A gnoll shaman (D:6)
  3 orc priests
  A hound skeleton (D:5)
  3 adders
  3 gnolls (D:6)
  An adder skeleton (D:5)
  3 worms
  4 dart slugs
  24 orcs
  7 bats
  8 endoplasms
  4 giant cockroaches
  5 hobgoblins
  13 jackals
  7 quokkas
  12 ball pythons
  2 frilled lizards
  7 goblins
  8 kobolds
  6 rats
140 creatures vanquished.

Notes
Turn   | Place    | Note
-------+----------+-------------------------------------------
     0 | D:1      | Smaepdii the Merfolk Gladiator began the quest for the Orb.
     0 | D:1      | Reached XP level 1. HP: 16/16 MP: 1/1
   405 | D:1      | Reached XP level 2. HP: 18/22 MP: 2/2
   483 | D:1      | Found a faded altar of an unknown god.
   491 | D:1      | Reached skill level 5 in Polearms
   845 | D:1      | Reached XP level 3. HP: 24/27 MP: 3/3
   909 | D:1      | Reached skill level 6 in Polearms
  1576 | D:2      | Reached XP level 4. HP: 33/33 MP: 4/4
  1636 | D:2      | Found a glowing silver altar of Zin.
  1649 | D:2      | Became a worshipper of Zin the Law-Giver
  1740 | D:2      | Found Tudic's Jewellery Boutique.
  1828 | D:2      | Reached * piety under Zin
  2086 | D:3      | Noticed an ice beast
  2119 | D:3      | Reached skill level 7 in Polearms
  2182 | D:3      | Killed an ice beast
  2183 | D:3      | Reached skill level 8 in Polearms
  2183 | D:3      | Reached XP level 5. HP: 7/38 MP: 5/5
  2915 | D:3      | Reached skill level 9 in Polearms
  2938 | D:3      | Reached XP level 6. HP: 34/44 MP: 6/6
  3246 | D:4      | Noticed an ice beast
  3440 | D:4      | Reached skill level 10 in Polearms
  3934 | D:4      | Reached ** piety under Zin
  3975 | D:4      | Reached XP level 7. HP: 50/50 MP: 7/7
  4191 | D:4      | Reached skill level 11 in Polearms
  4685 | D:4      | Reached *** piety under Zin
  4725 | D:4      | Found a staircase to the Ecumenical Temple.
  4827 | Temple   | Entered the Ecumenical Temple
  4990 | D:5      | Entered Level 5 of the Dungeon
  5038 | D:5      | Reached skill level 12 in Polearms
  5278 | D:5      | Reached XP level 8. HP: 56/56 MP: 8/8
  5375 | D:5      | Reached skill level 13 in Polearms
  5603 | D:5      | Noticed a troll
  5999 | D:6      | Found Dolech's Assorted Antiques.
  6196 | D:6      | Bought a scroll of identify for 42 gold pieces
  6368 | D:6      | Reached skill level 14 in Polearms
  6368 | D:6      | Reached skill level 1 in Invocations
  6426 | D:6      | Found an ancient bone altar of Kikubaaqudgha.
  6583 | D:6      | Reached **** piety under Zin
  6588 | D:6      | Found an ornate altar of the Wu Jian Council.
  6732 | D:6      | Zin protects you from harm!
  6734 | D:6      | HP: 1/57 [orc warrior/boomerang (10)]
  6735 | D:6      | Hit by a boomerang thrown by an orc warrior

Illustrated notes

Levels and vault maps discovered:
D:1:      nzn_arrival_water_spiral, layout_basic,
          hellmonk_ecumenical_altar_dog_temple
D:2:      layout_loops_ring, serial_shops, nicolae_lakefront_shop, basic_altar,
          minmay_statues_item
D:3:      layout_basic, gup_sewer_entry_bowl
D:4:      layout_cave_pools, minmay_temple_entry_proselytizer, serial_glass,
          glass_columns_a, glass_columns_a
D:5:      layout_loops_cross, lightli_corner_chamber
D:6:      layout_loops_corners, nicolae_wu_jian_immortal_techniques,
          mainiacjoe_overflow_alcove_4, serial_bayou_pond_e,
          minmay_shop_grid_forest, lightli_orcish_oven
Temple:   minmay_temple_bridge_abc

Skill      XL: |  1  2  3  4  5  6  7  8 |
---------------+-------------------------+-----
Polearms       | 5 6 8 9 10 12 14 | 14.0
Invocations    | 2 |  2.0
Fighting       | |  2.8
Throwing       | |  2.1
Dodging        | |  4.5

Action                   |  1- 3 |  4- 6 |  7- 9 || total
-------------------------+-------+-------+-------++-------
Melee: Trident           |   107 |   182 |   200 ||   489
Throw: Throwing net      |       |     4 |     1 ||     5
Invok: Recite            |       |     7 |     9 ||    16
       Donate Gold       |       |     1 |       ||     1
  Use: Scroll            |       |     5 |     6 ||    11
       Potion            |       |     1 |       ||     1
 Stab: Sleeping          |     2 |       |       ||     2
       Confused          |       |     2 |     4 ||     6
Armor: Leather armour    |    12 |       |       ||    12
       Scale mail        |    11 |    43 |    34 ||    88
Dodge: Dodged            |    38 |    55 |    52 ||   145
